 Dungeon Crawl Stone Soup version 0.23-a0-417-gf02c810 (webtiles) character file.

26 JeffiDaFish the Grave Robber (level 2, -3/15 HPs)
             Began as a Deep Elf Necromancer on Nov 11, 2018.
             Slain by a gnoll
             ... wielding a +0 club
              (4 damage)
             ... on level 2 of the Dungeon.
             The game lasted 00:03:51 (2485 turns).

JeffiDaFish the Grave Robber (Deep Elf Necromancer) Turns: 2485, Time: 00:03:52

Health: -3/15      AC:  3    Str:  5 (8)  XL:     2   Next: 89%
Magic:  6/8        EV: 13    Int: 16 (19) God:
Gold:   25         SH:  0    Dex: 14 (15) Spells: 7/8 levels left

rFire    . . .     SeeInvis .   f - +0 dagger (speed)
rCold    . . .     Gourm    .   (no shield)
rNeg     . . .     Faith    .   a - +0 robe
rPois    .         Spirit   .   d - +0 helmet
rElec    .         Reflect  .   (no cloak)
rCorr    .         Harm     .   (no gloves)
MR       .....                  (no boots)
Stlth    ++........             (no amulet)
HPRegen  0.01/turn              e - -2 ring of strength (curse)
MPRegen  0.11/turn              (no ring)

@: mighty, very slightly contaminated, slowed, lost strength, very slow
A: no striking features
a: no special abilities


You were on level 2 of the Dungeon.
You were not hungry.

You visited 1 branch of the dungeon, and saw 2 of its levels.

You collected 25 gold pieces.

Inventory:

Hand Weapons
 f - a +0 dagger of speed (weapon)
Armour
 a - a +0 robe (worn)
 d - a +0 helmet (worn)
Jewellery
 e - a cursed -2 ring of strength (left hand)
Comestibles
 c - 2 rations
 g - 4 chunks of flesh


   Skills:
 + Level 2.4 Dodging
 + Level 2.4 Stealth
 + Level 3.6 Spellcasting
 + Level 5.6 Necromancy


You had 7 spell levels left.
You knew the following spells:

 Your Spells              Type           Power        Failure   Level  Hunger
a - Pain                  Necr           ###.         1%          1    None

Your spell library contained the following spells:

 Spells                   Type           Power        Failure   Level  Hunger
 Animate Skeleton         Necr           N/A          1%          1    None
 Vampiric Draining        Necr           ###.......   5%          3    ###....
 Regeneration             Chrm/Necr      ##........   17%         3    ###....
 Animate Dead             Necr           N/A          17%         4    ####...


Dungeon Overview and Level Annotations

Branches:
Dungeon (2/15)

Altars:


Message History

Confirm with . or Enter, or press ? or * to list all spells.
Aiming: Pain (safe; 1% risk of failure)
Press: ? - help, Shift-Dir - straight line, f/p - gnoll
Aim: a gnoll, wielding a +0 club (heavily wounded, chance to defeat MR: 85%)
You miscast Pain.
You are very lightly contaminated with residual magic.
Nothing appears to happen.
The gnoll hits you with a +0 club. The gnoll hits you.
* * * LOW HITPOINT WARNING * * *
The gnoll hits you with a +0 club.
* * * LOW HITPOINT WARNING * * *
The gnoll closely misses you. The gnoll misses you.
Casting: Pain (safe; 1% risk of failure)
Confirm with . or Enter, or press ? or * to list all spells.
You don't know that spell.
Unknown command.
You see here a goblin skeleton.
The gnoll hits you with a +0 club.
You die...

#.. #.# #.#
#.# #.# #.#
#.#
#.###########.
#..ggg@.......
#..###########
#..g.# #....#
#รท..[# #....#
#....#.#
#..<...#
#..#####


You could see 3 gnolls.

Vanquished Creatures
  2 ball pythons (D:1)
  2 giant cockroaches (D:1)
  3 goblins
  2 hobgoblins (D:1)
  5 jackals (D:1)
  A quokka (D:2)
  3 bats (D:1)
  2 frilled lizards (D:1)
  2 kobolds (D:1)
  A rat (D:1)
23 creatures vanquished.

Notes
Turn   | Place    | Note
-------+----------+-------------------------------------------
     0 | D:1      | JeffiDaFish the Deep Elf Necromancer began the quest for
                  | the Orb.
     0 | D:1      | Reached XP level 1. HP: 10/10 MP: 6/6
    49 | D:1      | Reached skill level 5 in Necromancy
   546 | D:1      | Reached XP level 2. HP: 11/15 MP: 5/8
   820 | D:1      | Lost strength.
  2485 | D:2      | Slain by a gnoll

Vault maps used:
D:1:      dpeg_arrival_tiny_f
D:2:      first_ration, minmay_cupped, uniq_terence, uniq_jessica, uniq_sigmund,
          uniq_crazy_yiuf_cottage

Skill      XL: |  1 |
---------------+----+-----
Necromancy     | 5 |  5.6
Dodging        | |  2.4
Stealth        | |  2.4
Spellcasting   | |  3.6

Action                   || total
-------------------------++-------
Melee: Unarmed           ||     1
       Dagger            ||     2
 Cast: Pain              ||    44
  Use: Potion            ||     4
       Scroll            ||     2
  Eat: Ration            ||     2
       Chunk             ||     1
Armor: Robe              ||     8
Dodge: Dodged            ||    18

Table legend:
 A = Non-vault XP
 B = Vault XP
 C = Vault XP percentage of total XP
 D = Non-vault monster count
 E = Vault monster count
 F = Vault count percentage of total count
                 A         B        C        D         E       F
            +---------+---------+-------+---------+---------+-------
      Total |      38 |       0 |   0.0 |      23 |       0 |   0.0
            +---------+---------+-------+---------+---------+-------
        D:1 |      34 |       0 |   0.0 |      21 |       0 |   0.0
        D:2 |       4 |       0 |   0.0 |       2 |       0 |   0.0
            +---------+---------+-------+---------+---------+-------
